 Dungeon Crawl Stone Soup version 0.29.1-13-g9f3cf754e1 (webtiles) character file.

Game seed: 14646570865854822172

95 hbarley the Chopper (level 4, -6/40 HPs)
             Began as a Hill Orc Fighter on Jan 31, 2023.
             Mangled by a hobgoblin
             ... wielding the +8 mace of Cayvvaumn {vorpal, rC+ MP+9 Int+2}
              (12 damage)
             ... on level 2 of the Dungeon.
             The game lasted 00:02:49 (1486 turns).

hbarley the Chopper (Hill Orc Fighter)              Turns: 1486, Time: 00:02:50

Health: -6/40      AC: 11    Str: 18    XL:     4   Next: 66%
Magic:  4/4        EV:  5    Int:  8    God:
Gold:   111        SH:  4    Dex: 12    Spells: 3/3 levels left

rFire   . . .      SeeInvis .   a - +0 war axe
rCold   . . .      Faith    .   c - +0 buckler
rNeg    . . .      Spirit   .   h - +0 plate armour
rPois   .          Reflect  .   (no helmet)
rElec   .          Harm     .   (no cloak)
rCorr   .          Rampage  .   (no gloves)
Will    .....                   (no boots)
Stlth   ..........              (no amulet)
HPRegen 0.13/turn               (no ring)
MPRegen 0.09/turn               (no ring)

@: no status effects
A: no striking features
a: no special abilities


You were on level 2 of the Dungeon.
You visited 1 branch of the dungeon, and saw 2 of its levels.

You collected 111 gold pieces.

Inventory:

Hand Weapons
 a - a +0 war axe (weapon)
Armour
 b - a +0 scale mail
 c - a +0 buckler (worn)
 h - a +0 plate armour (worn)
Scrolls
 g - a scroll of amnesia {unknown}
 i - a scroll of poison {unknown}
 j - 2 scrolls of identify {unknown}
 l - a scroll of teleportation {unknown}
 m - a scroll of blinking {unknown}
Potions
 d - 4 potions of might
 e - 3 potions of attraction {unknown}
 f - a potion of heal wounds {unknown}
 k - 4 potions of flight {unknown}


   Skills:
 + Level 4.2 Fighting
 + Level 4.6 Axes
 + Level 4.0 Armour
 + Level 0.2 Dodging
 + Level 3.6 Shields


You had 3 spell levels left.
You didn't know any spells.
Your spell library contained the following spells:

 Spells                   Type           Power      Damage    Failure   Level
 Blink                    Tloc           0%         N/A       100%        2
 Ozocubu's Armour         Ice            0%         N/A       100%        3
 Manifold Assault         Tloc           0%         N/A       100%        5
 Metabolic Englaciation   Hex/Ice        0%         N/A       100%        5
 Simulacrum               Ice/Necr       0%         N/A       100%        6
 Storm Form               Tmut/Air       0%         N/A       100%        7


Dungeon Overview and Level Annotations

Branches:
Dungeon (2/15)

Altars:


Message History

The jackal bites you but does no damage. x2
You hit the jackal.
The jackal is almost dead.
The jackal bites you. You block the jackal's attack.
You closely miss the jackal.
The jackal is almost dead.
The jackal barely misses you. You block the jackal's attack.
You closely miss the jackal.
The jackal is almost dead.
The jackal barely misses you.
The jackal bites you but does no damage.
You barely miss the jackal.
The jackal is almost dead.
You hit the jackal.
You kill the jackal!
You see here a jackal corpse.
Found a leather armour.
Found a stone staircase leading up.
A hobgoblin comes into view.
It is wielding the +8 mace of Cayvvaumn {vorpal, rC+ MP+9 Int+2}.
The hobgoblin shouts!
There is a stone staircase leading up here.
The hobgoblin hits you with the +8 mace of Cayvvaumn {vorpal, rC+ MP+9 Int+2}.
You closely miss the hobgoblin.
The hobgoblin hits you with the +8 mace of Cayvvaumn {vorpal, rC+ MP+9 Int+2}!
You barely miss the hobgoblin. You block the hobgoblin's attack.
You barely miss the hobgoblin.
The hobgoblin hits you with the +8 mace of Cayvvaumn {vorpal, rC+ MP+9 Int+2}. x2
You closely miss the hobgoblin.
The hobgoblin hits you with the +8 mace of Cayvvaumn {vorpal, rC+ MP+9 Int+2}.
* * * LOW HITPOINT WARNING * * *
You barely miss the hobgoblin. The hobgoblin barely misses you.
You barely miss the hobgoblin.
The hobgoblin hits you with the +8 mace of Cayvvaumn {vorpal, rC+ MP+9 Int+2}.
* * * LOW HITPOINT WARNING * * *
x2 You block the hobgoblin's attack.
You barely miss the hobgoblin. The hobgoblin barely misses you.
You hit the hobgoblin.
The hobgoblin is lightly wounded.
The hobgoblin hits you with the +8 mace of Cayvvaumn {vorpal, rC+ MP+9 Int+2}!
You die...

#.#
#.##....[..#
#..# #.#
#.##.#####.#
#..#
#.#####.##.#
#.###..#
#..........#
#......#
#######.##.#
#.###.##
#.##.#####.#
#.#
#.##.......#
#.#
#<##########
#.# #@# #.#
#.....g.#
#.#
.........
#.#
#########.
.# #


You could see a hobgoblin.

Vanquished Creatures
  Jessica (D:2)
  2 adders (D:2)
  3 dart slugs
  4 ball pythons
  2 bats (D:1)
  4 endoplasms
  3 goblins
  4 hobgoblins
  5 jackals
  5 kobolds
  A quokka (D:1)
  4 frilled lizards (D:1)
  5 rats
43 creatures vanquished.

Notes
Turn   | Place    | Note
-------+----------+-------------------------------------------
     0 | D:1      | hbarley the Hill Orc Fighter began the quest for the Orb.
     0 | D:1      | Reached XP level 1. HP: 19/19 MP: 1/1
   307 | D:1      | Reached XP level 2. HP: 21/27 MP: 2/2
   595 | D:1      | Reached XP level 3. HP: 29/33 MP: 3/3
   691 | D:1      | Found a faded altar of an unknown god.
  1167 | D:2      | Noticed Jessica
  1173 | D:2      | Killed Jessica
  1174 | D:2      | Reached XP level 4. HP: 38/40 MP: 4/4
  1477 | D:2      | Identified the +8 mace of Cayvvaumn {vorpal, rC+ MP+9
                  | Int+2}
  1486 | D:2      | Mangled by a hobgoblin

Illustrated notes

Levels and vault maps discovered:
D:1:      amcnicky_arrival_wind_blow, layout_loops_ring,
          hellmonk_ecumenical_altar_dog_temple, kennysheep_minor_cross
D:2:      layout_loops_ring, uniq_jessica

Skill      XL: |  1  2  3 |
---------------+----------+-----
Axes           | 3 4 |  4.6
Fighting       | 4 |  4.2
Armour         | 4 |  4.0
Dodging        | |  0.2
Shields        | |  3.6

Action                   |  1- 3 |  4- 6 || total
-------------------------+-------+-------++-------
Melee: War axe           |    83 |    25 ||   108
Armor: Scale mail        |    13 |       ||    13
       Plate armour      |    72 |    12 ||    84
Dodge: Dodged            |    32 |     6 ||    38
Block: Buckler           |    30 |     5 ||    35
